 Dungeon Crawl Stone Soup version 0.16-a0-2072-gc0ac6de (webtiles) character file.

84 PolkaDot the Caller (level 4, 0/33 HPs)
             Began as a Vampire Summoner on Nov 11, 2014.
             Was an Initiate of Sif Muna.
             Slain by an orc wizard
             ... wielding a +0 dagger
              (3 damage)
             ... on level 4 of the Dungeon.
             The game lasted 00:08:42 (3319 turns).

PolkaDot the Caller (Vampire Summoner)              Turns: 3319, Time: 00:08:42

Health: 0/33       AC:  3    Str:  7    XL:     4   Next: 24%
Magic:  7/7        EV: 18    Int: 18    God:    Sif Muna [......]
Gold:   73         SH:  0    Dex: 19    Spells: 3 memorised, 1 level left

rFire  . . .     SeeInvis +     k - +1 dagger (venom)
rCold  . . .     Clarity  .     a - +0 robe
rNeg   + . .     SustAb   .     (no shield)
rPois  .         Gourm    .     (no helmet)
rElec  .         Spirit   .     (no cloak)
rCorr  .         Warding  .     j - +0 pair of gloves
rMut   .         Stasis   .     (no boots)
MR     .....                    (no amulet)
Stlth  ++++......               (no ring)
                                (no ring)

@: agile, not resistant to hostile enchantments, stealthy
A: fangs 3, see invisible, unbreathing
a: Bat Form, Renounce Religion


You were on level 4 of the Dungeon.
You worshipped Sif Muna.
Sif Muna was noncommittal.
You were not thirsty.

You visited 1 branch of the dungeon, and saw 4 of its levels.

You collected 121 gold pieces.
You spent 48 gold pieces at shops.

Inventory:

Hand weapons
 k - a +1 dagger of venom (weapon)
Armour
 a - a +0 robe (worn)
 j - a +0 pair of gloves (worn)
Scrolls
 f - a scroll of recharging {unknown}
 h - 4 scrolls of identify {unknown}
 i - a scroll of blinking {unknown}
 l - a scroll of enchant weapon
 m - a scroll of teleportation {unknown}
 n - a scroll of noise {unknown}
 o - 3 scrolls of remove curse {unknown}
Potions
 c - a potion of restore abilities {unknown}
 d - a potion of mutation {unknown}
 e - a potion of agility
 g - a potion of curing {unknown}
 p - a potion of lignification {unknown}
 q - a potion of heal wounds
Books
 b - a book of Callings

   Spells                             Type                      Level
   *Summon Small Mammal               Summoning                    1
   *Call Imp                          Summoning                    2
   *Call Canine Familiar              Summoning                    3
   Summon Guardian Golem              Hexes/Summoning              4
   Summon Lightning Spire             Summoning/Air                4
   Summon Ice Beast                   Ice/Summoning                4


   Skills:
 + Level 2.0 Fighting
 - Level 2.1 Dodging
 - Level 3.0 Stealth
 - Level 2.0 Spellcasting
 * Level 5.1 Summonings


You had one spell level left.
You knew the following spells:

 Your Spells              Type           Power        Failure   Level  Hunger
a - Summon Small Mammal   Summ           ###.         1%          1    #......
d - Call Canine Familiar  Summ           ###.....     10%         3    ###....
s - Call Imp              Summ           ###.....     3%          2    ###....


Dungeon Overview and Level Annotations

Branches:
Dungeon (4/15)
 Temple: D:4-7

Altars:
Fedhas
Makhleb
Ru
Sif Muna
Xom
Zin

Shops:
D:4 [


Innate Abilities, Weirdness & Mutations

You have razor-sharp teeth.
You have supernaturally acute eyesight.
You can survive without breathing.


Message History

The orc wizard misses you.
Drink which item? (? for menu, Esc to quit)
You feel much better.
It was a potion of heal wounds.
The orc wizard closely misses you.
You hit the orc wizard but do no damage.
The orc wizard is moderately wounded.
The orc wizard completely misses you.
The orc priest looks braver.
You hit the orc wizard but do no damage.
The orc wizard looks even sicker.
The orc wizard is heavily wounded.
The orc wizard completely misses you.
The orc priest invokes the aid of Beogh against you.
Something smites you!
* * * LOW HITPOINT WARNING * * *
The orc priest invokes the aid of Beogh against you.
Something smites you!
* * * LOW HITPOINT WARNING * * *
The orc wizard hits you with a dagger.
You die...

.. .# .# .#######.#
......o.. #...o)#
... #o# #.# ##
##o###### #.#
.###### #.@.....#
#.# ....>.#
#..####.# ##.##
..###.# #..#
#.###...#####
..###.# #..#
#.##.........
....#.# ...#
#.###....###.
#)#.#.# ##.##
#............
#.#.#.# #.#
######.#.####
#.....# ##.########
#.#..... ###.###
#.........###'######


You could see an orc priest, an orc wizard (invisible) and 2 orcs.

Vanquished Creatures
  An adder (D:3)
  3 worms (D:2)
  2 giant geckos
  An ooze (D:1)
  2 orcs
  10 hobgoblins
  3 jackals (D:1)
  7 bats
  3 giant cockroaches
  4 giant newts
  5 goblins
  4 kobolds (D:1)
  2 rats
47 creatures vanquished.

Vanquished Creatures (collateral kills)
  3 giant cockroaches
  3 goblins
  A hobgoblin (D:1)
  A kobold (D:1)
8 creatures vanquished.

Vanquished Creatures (others)
  5 rats
5 creatures vanquished.

Grand Total: 60 creatures vanquished

Notes
Turn   | Place    | Note
--------------------------------------------------------------
     0 | D:1      | PolkaDot, the Vampire Summoner, began the quest for the Orb.
     0 | D:1      | Reached XP level 1. HP: 13/13 MP: 3/3
   243 | D:1      | Reached XP level 2. HP: 8/20 MP: 4/4
   518 | D:1      | Reached skill level 1 in Fighting
   907 | D:1      | Reached XP level 3. HP: 12/26 MP: 6/6
  1346 | D:1      | Learned a level 3 spell: Call Canine Familiar
  1433 | D:2      | Learned a level 2 spell: Call Imp
  2194 | D:2      | Reached skill level 5 in Summonings
  2549 | D:3      | Found a glowing silver altar of Zin.
  2569 | D:3      | Reached XP level 4. HP: 33/33 MP: 7/7
  2645 | D:3      | Found a burning altar of Makhleb.
  2646 | D:3      | Found a blossoming altar of Fedhas.
  2681 | D:3      | Found a deep blue altar of Sif Muna.
  2683 | D:3      | Found a shimmering altar of Xom.
  2702 | D:3      | Became a worshipper of Sif Muna the Loreminder
  2917 | D:3      | Found a sacrificial altar of Ru.
  3228 | D:4      | Found Biuts' Antique Armour Shop.
  3233 | D:4      | Bought a glowing leather armour for 48 gold pieces
  3319 | D:4      | Slain by an orc wizard

Action                   |  1- 3 |  4- 6 || total
-------------------------+-------+-------++-------
Melee: Club              |    21 |       ||    21
       Unarmed           |     7 |       ||     7
       Dagger            |   185 |    25 ||   210
       Short sword       |     4 |       ||     4
 Cast: Summon Small Mamm |    15 |       ||    15
  Use: Potion            |     1 |     2 ||     3
       Scroll            |     2 |       ||     2
 Stab: Sleeping          |     5 |       ||     5
  Eat: Corpse            |    10 |     2 ||    12
